 Dungeon Crawl Stone Soup version 0.30.0-30-g96aa6591b8 (webtiles) character file.

Game seed: 8545769094288195184

23205 coffeetime the Fighter (level 13, -12/106 HPs)
             Began as a Djinni Conjurer on June 28, 2023.
             Was a Priest of Ashenzari.
             Mangled by a death yak (24 damage)
             ... on level 1 of the Lair of Beasts.
             The game lasted 01:28:25 (11283 turns).

coffeetime the Fighter (Djinni Conjurer)           Turns: 11283, Time: 01:28:26

Health: -12/106    AC: 11    Str: 12    XL:     13   Next: 33%
Gold:   1254       EV: 20    Int: 21    God:    Ashenzari [***...] SH:  5 Dex: 14

rFire   + + .        c - +10 zealot's sword {holy, Zealotry, *Rage rN+ EV+3, Fort, Self} (curse)
rCold   x . .        (no shield)
rNeg    + . .        N - +3 leather armour {rPois}
rPois   ∞            o - +0 helmet "Bound Unpleasantness" {Fort, Range} (curse)
rElec   .            v - +0 cloak "Regret of Ashenzari" {Str+4 SInv, Fort, Range} (curse)
rCorr   .            y - +0 pair of gloves "Ensconced Oracle" {Melee, Cun} (curse)
SInv    +            (boots unavailable)
Will    ++...        a - amulet of reflection
Stlth   +++          B - ring of the Sublime Seer {Wiz, Evo, Self} (curse)
HPRegen 0.37/turn    m - ring of willpower
MPRegen 0.00/turn

%: reflection, clarity, wizardry (x1), infuse magic (-13 HP)
@: flying
A: sickness immunity, fire resistance 2, cold vulnerability 1, float, innate
caster, HP casting, extra vitality 1
a: Renounce Religion, Shatter the Chains


You were on level 1 of the Lair of Beasts.
You worshipped Ashenzari.
Ashenzari was most pleased with you.
You visited 3 branches of the dungeon, and saw 15 of its levels.
You also visited: Bailey.

You collected 1591 gold pieces.
You spent 337 gold pieces at shops.

Inventory:

Hand Weapons
 c - the cursed +10 zealot's sword (weapon) {holy, Zealotry, *Rage rN+ EV+3, Fort, Self}
   (You acquired it on level 4 of the Dungeon)

   Zealotry:  Whenever the wielder enters a berserk rage, their allies are
   berserked alongside them.
   EV:        It affects your evasion (+3).
   rN:        It protects you from negative energy.
   *Rage:     It berserks you when you make melee attacks (+20% chance).
   It has a curse which improves the following skills: Fortitude: Armour and
   Shields.
   Introspection: Fighting and Spellcasting.
 s - the +8 trident of the Octopus King {venom, rElec rPois}
   (You found it on level 9 of the Dungeon)

   rElec:     It insulates you from electricity.
   rPois:     It protects you from poison.
Missiles
 u - 48 poisoned darts
 x - a throwing net
 D - 9 datura-tipped darts
 F - 4 atropa-tipped darts
 G - 3 boomerangs of dispersal
 J - 10 curare-tipped darts
Armour
 o - the cursed +0 helmet "Bound Unpleasantness" (worn) {Fort, Range}
   (You took it off Robin on level 2 of the Dungeon)

   It has a curse which improves the following skills: Fortitude: Armour and
   Shields.
   Ranged Combat: Ranged Weapons and Throwing.
 v - the cursed +0 cloak "Regret of Ashenzari" (worn) {Str+4 SInv, Fort, Range}
   (You bought it in a shop on level 9 of the Dungeon)

   Str:       It affects your strength (+4).
   SInv:      It lets you see invisible.
   It has a curse which improves the following skills: Fortitude: Armour and
   Shields.
   Ranged Combat: Ranged Weapons and Throwing.
 y - the cursed +0 pair of gloves "Ensconced Oracle" (worn) {Melee, Cun}
   (You found it on level 3 of the Dungeon)

   It has a curse which improves the following skills: Melee Combat: Short
   Blades, Long Blades, Axes, Maces & Flails, Polearms, Staves and Unarmed
   Combat.
   Cunning:   Dodging and Stealth.
 K - a +0 helmet
 N - a +3 leather armour of poison resistance (worn)
 S - +0 steam dragon scales
 Y - a +0 troll leather armour
 Z - a +0 pair of gloves
Magical Staves
 b - the staff of air "Eritaadd" {rElec rPois Str+4 Int+3}
   (You found it on level 11 of the Dungeon)

   [staff of air]

   Your inability to study Air Magic prevents you from drawing on the full power
   of this staff in melee.
   Base accuracy: +5 Base damage: 5 Base attack delay: 1.2 This weapon's minimum
   attack delay (0.6) is reached at skill level 12.
   Str:       It affects your strength (+4).
   Int:       It affects your intelligence (+3).
   rElec:     It insulates you from electricity.
   rPois:     It protects you from poison.
   It falls into the 'Staves' category.
   It is a one-handed weapon.
Jewellery
 a - an amulet of reflection (around neck)
 m - a ring of willpower (right hand)
 B - the cursed ring of the Sublime Seer (left hand) {Wiz, Evo, Self}
   (You found it on level 4 of the Dungeon)

   [ring of wizardry]

   It improves your spell success rate.
   It has a curse which improves the following skills: Evocations: Evocations.
   Introspection: Fighting and Spellcasting.
 I - a +6 ring of intelligence
Wands
 e - a wand of mindburst (1)
 C - a wand of iceblast (8)
 H - a wand of quicksilver (2)
 P - a wand of flame (54)
 R - a wand of charming (10)
Scrolls
 f - a scroll of noise
 h - 2 scrolls of brand weapon
 j - 2 scrolls of torment
 k - 2 scrolls of teleportation
 l - 3 scrolls of summoning
 r - 2 scrolls of vulnerability
 t - 2 scrolls of blinking
 w - 4 scrolls of fear
 A - 2 scrolls of enchant armour
 E - 2 scrolls of enchant weapon
 L - a scroll of fog
 U - 2 scrolls of magic mapping
 V - a scroll of poison
Potions
 d - a potion of haste
 g - 2 potions of heal wounds
 i - a potion of cancellation
 n - a potion of invisibility
 p - 4 potions of brilliance
 q - 9 potions of curing
 z - 2 potions of berserk rage
 Q - 4 potions of attraction
 T - a potion of lignification


   Skills:
 + Level 12.2(14.4) Fighting
 - Level 1.0(4.8) Short Blades
 - Level 7.0(8.6) Long Blades
 - Level 0.3(1.0) Maces & Flails
 - Level 0.7(1.6) Staves
 + Level 5.3(8.2) Armour
 + Level 10.4(11.8) Dodging
 + Level 5.5(7.0) Stealth
 + Level 1.2(3.0) Shields
 * Level 7.5(9.8) Spellcasting
 - Level 5.0(6.4) Evocations


You knew the following spells:

 Your Spells              Type           Power      Damage    Failure   Level
a - Magic Dart            Conj           100%       1d8       1%          1
b - Searing Ray           Conj           100%       2d8       1%          2
c - Dazzling Flash        Conj/Hex       100%       N/A       1%          3
d - Fulminant Prism       Conj/Hex       25%        3d13      1%          4
e - Iskenderun's Mystic   Conj/Tloc      51%        2d11      1%          4
f - Sandblast             Erth           100%       2d20      1%          1
g - Ensorcelled Hibernat  Hex/Ice        100%       N/A       1%          2
h - Vhi's Electric Charg  Tloc/Air       100%       N/A       1%          3
i - Vampiric Draining     Necr           51%        2d9       1%          3
j - Flame Wave            Conj/Fire      51%        2d13      1%          4
k - Agony                 Necr           51%        N/A       1%          5
Your spell library was empty.

Dungeon Overview and Level Annotations

Branches:
Dungeon (12/15)            Temple (1/1) D:4            Lair (2/5) D:11
 Bailey (visited)
  Swamp: Lair:2-3    Shoals: Lair:2-3     Snake: Lair:2-3    Spider: Lair:2-3
    Orc: D:9-12

Altars:
Ashenzari
Cheibriados
Dithmenos
Elyvilon
Fedhas
Gozag
Hepliaklqana
Makhleb
Nemelex Xobeh
Okawaru
Qazlal
Ru
Trog
Uskayaw
Wu Jian
Xom
Yredelemnul
Zin
The Shining One

Shops:
D:3 [   D:7 *   D:9 *

Portals:
Abyss: Lair:2

Annotations:
D:12 Kirke
Lair:2 2 transporters, wingedge's ghost, journeyman DgWn


Innate Abilities, Weirdness & Mutations

You are immune to sickness and miasma.
You are immune to poison.
Your flesh is very heat resistant. (rF++)
You are vulnerable to cold. (rC-)
You float through the air rather than walking.
You learn spells naturally, not from books.
Your magical power is your life essence.
You have superior vitality. (+4 MHP)


Message History

The death yak is moderately wounded.
The flame wave engulfs the death yak!
The death yak is moderately wounded.
The flame wave engulfs the death yak!
The death yak is moderately wounded.
The flame wave engulfs the cane toad!
The cane toad is almost dead.
The flame wave engulfs the death yak!
The death yak is moderately wounded.
You finish channelling waves of flame.
You hear a bark!
The death yak gores you but does no damage.
The death yak attacks as you move away! The death yak gores you!
The death yak attacks as you move away! The death yak gores you!!
The death yak attacks as you move away! The death yak gores you.
Found a wand of iceblast (3).
The death yak attacks as you move away! The death yak gores you.
You block the death yak's attack.
There is a stone staircase leading up here.
The death yak gores you but does no damage.
You block the death yak's attack.
You fly upwards.
There is a stone staircase leading down here.
The death yak gores you. The death yak attacks as you move away!
The death yak gores you. The death yak attacks as you move away!
The death yak completely misses you.
You barely miss the death yak.
The death yak is lightly wounded.
The death yak attacks as you move away! The death yak gores you!!
The death yak attacks as you move away! The death yak gores you!
* * * LOW HITPOINT WARNING * * *
You slash the death yak!
You punch the death yak, but do no damage.
The death yak is moderately wounded.
The death yak gores you!!
* * * LOW HITPOINT WARNING * * *
As you read the scroll of fear, it crumbles to dust.
You assume a fearsome visage.
The death yak easily resists.
The death yak looks frightened!
The death yak gores you!!
You die...

### ###### #
############.####.#..###########.
.................................
.......................#P'###.#..
.......................##.#####..
#######......###@###...##........
#######...##.###Y###...#.....#...
.....#...>##....Y.P#...##....#...
.....##...##...........##.....+..
.....##...##########...####.##P..
.....##...#########....P###+###..
#######..........................
#.#.##...........................
.................................


You could see 2 death yaks.

Vanquished Creatures
  An entropy weaver (shapeshifter) (D:11)
  An ogre mage (D:11)
  2 two-headed ogres (D:11)
  A skyshark (Lair:2)
  Amaemon (D:7)
  A skeletal warrior (D:11)
  Pikel (D:9)
  An orc knight (Bailey)
  An ugly thing (D:11)
  4 cyclopes
  A manticore (D:11)
  A gargoyle (D:9)
  An orange demon (D:8)
  2 unseen horrors (D:11)
  Maggie (D:6)
  6 komodo dragons
  2 cane toads (Lair:1)
  2 kobold demonologists (D:11)
  A tengu conjurer (D:11)
  A meliai (D:11)
  6 trolls
  2 polar bears (Lair:1)
  Prince Ribbit (D:5)
  2 hornets
  A centaur simulacrum (D:11)
  A shadow (D:11)
  2 wyverns
  A wraith (D:9)
  14 yaks
  2 basilisks
  5 vampire mosquitoes (D:11)
  A steam dragon (D:8)
  An acid dragon (D:11)
  4 water moccasins
  Duvessa (D:5)
  7 orc warriors
  A sky beast (D:7)
  4 black bears
  An ogre (D:7)
  A centaur (D:11)
  6 wolves (Lair:1)
  2 lemures (D:9)
  A phantom (D:7)
  12 kobold brigands
  2 bullfrogs
  Blork the orc (D:4)
  4 scorpions
  15 killer bees
  Dowan (D:5)
  4 wights (D:7)
  9 howler monkeys
  A gnoll bouda (D:10)
  4 hounds
  3 jellies
  4 orc priests
  A sleepcap (D:6)
  3 iguanas
  5 orc wizards
  Robin (D:2)
  3 adders
  5 gnolls (D:10)
  An ufetubus (D:6)
  4 worms
  A dart slug (D:3)
  18 orcs
  4 ball pythons
  5 bats
  9 endoplasms
  2 giant cockroaches (D:1)
  16 goblins
  10 hobgoblins
  3 quokkas
  3 frilled lizards
  17 kobolds
  3 rats
273 creatures vanquished.

Notes
Turn   | Place    | Note
-------+----------+-------------------------------------------
     0 | D:1      | coffeetime the Djinni Conjurer began the quest for the Orb.
     0 | D:1      | coffeetime set off with the following spells memorised:
                  | Magic Dart, Searing Ray, Dazzling Flash, Fulminant Prism,
                  | Iskenderun's Mystic Blast.
     0 | D:1      | Reached XP level 1. HP: 15/15 MP: 0/0
    83 | D:1      | Reached XP level 2. HP: 19/21 MP: 0/0
   234 | D:1      | Reached XP level 3. HP: 17/25 MP: 0/0
   234 | D:1      | Learned a level 1 spell: Sandblast
   882 | D:2      | Noticed Robin
   886 | D:2      | Killed Robin
   887 | D:2      | Reached XP level 4. HP: 26/31 MP: 0/0
   988 | D:2      | Found a broken altar of Ashenzari.
  1012 | D:2      | Became a worshipper of Ashenzari the Shackled
  1441 | D:3      | Found a glowing golden altar of the Shining One.
  1476 | D:3      | Found Sydovoug's Armour Boutique.
  1479 | D:3      | Reached skill level 1 in Fighting
  1789 | D:3      | Reached XP level 5. HP: 29/37 MP: 0/0
  1789 | D:3      | Learned a level 2 spell: Ensorcelled Hibernation
  1925 | D:5      | Entered Level 5 of the Dungeon
  1933 | D:5      | Noticed Dowan
  1935 | D:5      | Noticed Duvessa
  2091 | D:5      | Noticed Blork the orc
  2097 | D:4      | Reached * piety under Ashenzari
  2097 | D:4      | Identified 2 scrolls of acquirement
  2099 | D:4      | Acquired a +1 demon trident of draining
  2102 | D:4      | Acquired the +10 zealot's sword {holy, Zealotry, *Rage rN+
                  | EV+3}
  2102 | D:4      | Found the +10 zealot's sword {holy, Zealotry, *Rage rN+
                  | EV+3}
  2131 | D:4      | Reached XP level 6. HP: 28/42 MP: 0/0
  2140 | D:4      | Found a staircase to the Ecumenical Temple.
  2352 | Temple   | Entered the Ecumenical Temple
  2597 | D:4      | Found a broken altar of Ashenzari.
  2663 | D:4      | Killed Blork the orc
  2664 | D:4      | Reached skill level 1 in Short Blades
  2752 | D:5      | Noticed a black bear
  2767 | D:5      | Killed a black bear
  2768 | D:5      | Reached skill level 2 in Fighting
  2797 | D:5      | Reached skill level 5 in Spellcasting
  2797 | D:5      | Reached XP level 7. HP: 31/49 MP: 0/0
  2797 | D:5      | Learned a level 3 spell: Vhi's Electric Charge
  2895 | D:6      | Reached skill level 1 in Long Blades
  2895 | D:6      | Reached skill level 1 in Armour
  2904 | D:7      | Found Saviu's Assorted Antiques.
  2972 | D:6      | Reached XP level 8. HP: 55/55 MP: 0/0
  3015 | D:6      | Reached skill level 3 in Fighting
  3106 | D:6      | Found a sacrificial altar of Ru.
  3175 | D:6      | Noticed Maggie
  3285 | D:6      | Found a basalt altar of Yredelemnul.
  3296 | D:6      | Found an ornate altar of the Wu Jian Council.
  3318 | D:6      | Found a bloodstained altar of Trog.
  3330 | D:6      | Reached skill level 1 in Evocations
  3389 | D:6      | Identified the +4 scimitar of the Shore {drain, Fragile
                  | Str+3 Int+4}
  3524 | D:7      | Reached ** piety under Ashenzari
  3603 | D:7      | Reached skill level 4 in Fighting
  3603 | D:7      | Reached XP level 9. HP: 65/65 MP: 0/0
  3603 | D:7      | Learned a level 3 spell: Vampiric Draining
  3680 | D:7      | Noticed a hornet
  3785 | D:8      | Found a flagged portal.
  3794 | Bailey   | Entered a bailey
  3852 | Bailey   | Reached skill level 5 in Long Blades
  4024 | Bailey   | Reached skill level 5 in Fighting
  4034 | Bailey   | Reached skill level 5 in Dodging
  4034 | Bailey   | Noticed an orc knight
  4089 | Bailey   | Killed an orc knight
  4090 | Bailey   | Reached XP level 10. HP: 73/73 MP: 0/0
  4174 | Bailey   | Identified the +10 plate armour of Time Monsters {-Tele
                  | Harm *Slow rN+++}
  4175 | Bailey   | Found an iron altar of Okawaru.
  4272 | D:8      | Reached skill level 6 in Fighting
  4293 | D:8      | Noticed Amaemon
  4437 | D:5      | Killed Dowan
  4445 | D:5      | Killed Duvessa
  4486 | D:5      | Noticed Prince Ribbit
  4501 | D:5      | Killed Prince Ribbit
  4912 | D:6      | Killed Maggie
  4970 | D:7      | Found a burning altar of Makhleb.
  5089 | D:7      | Reached skill level 7 in Fighting
  5089 | D:7      | Reached skill level 5 in Evocations
  5332 | D:7      | Found a snail-covered altar of Cheibriados.
  5411 | D:7      | Found a white marble altar of Elyvilon.
  5441 | D:7      | Reached *** piety under Ashenzari
  5493 | D:7      | Found a hazy altar of Hepliaklqana.
  5535 | D:7      | Found an iron altar of Okawaru.
  5565 | D:7      | Reached skill level 8 in Fighting
  5565 | D:7      | Reached XP level 11. HP: 66/84 MP: 0/0
  5565 | D:7      | Learned a level 4 spell: Flame Wave
  5722 | D:7      | Killed Amaemon
  5938 | D:10     | Entered Level 10 of the Dungeon
  5959 | D:10     | Reached skill level 9 in Fighting
  5989 | D:9      | Found a stormy altar of Qazlal.
  6202 | D:9      | Found Urchuo's Neck Hole.
  6540 | D:9      | Noticed Pikel
  6634 | D:9      | Killed Pikel
  6720 | D:9      | Found the +8 trident of the Octopus King {venom, rElec
                  | rPois}
  6834 | D:9      | Bought the +0 cloak of Ugov Gygh {Str+4 SInv} for 337 gold
                  | pieces
  7031 | D:10     | Noticed a cyclops
  7330 | D:10     | Killed a cyclops
  7393 | D:11     | Found a staircase to the Lair.
  7414 | Lair:1   | Entered Level 1 of the Lair of Beasts
  7503 | D:11     | Noticed a manticore
  7510 | D:11     | Killed a manticore
  7751 | D:11     | Identified the +1 mace of Valiance {venom, Will+ Dex+3
                  | Stlth+}
  7776 | D:11     | Noticed a soul eater
  7781 | D:11     | Reached skill level 10 in Fighting
  7787 | D:11     | Reached XP level 12. HP: 87/94 MP: 0/0
  7835 | D:10     | Found a sparkling altar of Nemelex Xobeh.
  7936 | D:10     | Found a hide-covered altar of Uskayaw.
  8219 | D:11     | Noticed a two-headed ogre
  8329 | D:11     | Noticed an entropy weaver
  8340 | D:11     | Killed an entropy weaver
  8578 | D:11     | Killed a two-headed ogre
  8678 | D:11     | Noticed a two-headed ogre
  8691 | D:11     | Killed a two-headed ogre
  8692 | D:11     | Reached skill level 11 in Fighting
  8770 | D:11     | Reached skill level 5 in Stealth
  8806 | D:11     | Noticed a rakshasa
  8829 | D:11     | Noticed an ogre mage
  8850 | D:11     | Killed an ogre mage
  8991 | D:11     | Identified the staff of air "Eritaadd" {rElec rPois Str+4
                  | Int+3}
  9003 | D:11     | Noticed a skeletal warrior
  9026 | D:11     | Killed a skeletal warrior
  9500 | D:12     | Noticed Kirke
  9503 | D:12     | Noticed a sphinx
  9623 | D:11     | Reached skill level 5 in Armour
 10298 | Lair:1   | Reached XP level 13. HP: 102/102 MP: 0/0
 10298 | Lair:1   | Learned a level 5 spell: Agony
 10819 | Lair:1   | Reached skill level 10 in Dodging
 10847 | Lair:1   | Reached skill level 12 in Fighting
 10847 | Lair:1   | Reached skill level 1 in Shields
 11179 | Lair:2   | Found a transporter.
 11192 | Lair:2   | Found a one-way gate to the infinite horrors of the Abyss.
 11192 | Lair:2   | Noticed wingedge's ghost (journeyman DgWn)
 11197 | Lair:2   | Found a transporter.
 11283 | Lair:1   | Mangled by a death yak

Illustrated notes

Levels and vault maps discovered:
D:1:      dpeg_arrival_more_subterranean_lakeside_camping, layout_rooms,
          grunt_decor_cap
D:2:      layout_rooms, basic_altar, grunt_decor_arrowhead, uniq_robin
D:3:      layout_basic, mainiacjoe_overflow_24_doors, serial_shops, shop
D:4:      layout_cave_pools, mainiacjoe_overflow_alcove_1,
          minmay_temple_entry_junction
D:5:      layout_cave_pools, pf_just_have_faith, uniq_duvessa,
          uniq_prince_ribbit1, uniq_blork_the_orc
D:6:      layout_rooms, nicolae_ru_the_path_less_chosen,
          mainiacjoe_overflow_boulevard, trog_ov_bears_minmay,
          grunt_temple_overflow_open, kennysheep_generic_room_11, uniq_maggie
D:7:      layout_basic, mainiacjoe_overflow_six_doors_small, bloody_makhleb,
          mainiacjoe_overflow_alcove_4, mainiacjoe_overflow_tiny_flanked,
          nicolae_hepliaklqana_hazy_memory, serial_shops,
          nicolae_shop_dealshenge, mrwooster_statue_mirror,
          chequers_serial_rivers_micro_d
D:8:      layout_basic, enter_bailey_8, kennysheep_nondescript, uniq_amaemon
D:9:      layout_rooms, amcnicky_altar_gilded, hex_medium,
          nicolae_shop_sticking_my_neck_out, uniq_pikel
D:10:     layout_rooms, nemelex_altar_shiori, mainiacjoe_overflow_chevrons,
          grunt_ministairs_1
D:11:     minmay_the_grid_square_5x5_4x4_mashed
          [minmay_the_grid_square_5x5_inverted_slash,
          minmay_the_grid_square_5x5_almost_minimal,
          minmay_the_grid_square_5x5_comb, minmay_the_grid_square_5x5_inset,
          minmay_the_grid_square_5x5_moneybag,
          minmay_the_grid_square_5x5_prize_junk,
          minmay_the_grid_square_5x5_prize_rear_guard,
          minmay_the_grid_square_5x5_shrine1,
          minmay_the_grid_square_5x5_misaligned,
          minmay_the_grid_square_5x5_prize_deathbox,
          minmay_the_grid_square_5x5_prize_itemx,
          minmay_the_grid_square_5x5_spiral_small,
          minmay_the_grid_square_5x5_sharp_hourglass,
          minmay_the_grid_square_5x5_plus, minmay_the_grid_square_5x5_forky,
          minmay_the_grid_square_5x5_pentomino_r], layout_stronghold,
          dpeg_oklobed_lair
D:12:     layout_small_grid, erik_orc_2, uniq_kirke
Temple:   nicolae_temple_two_arcs
Lair:1:   layout_regular_city, st_stairs_13, beast_lair_carwin_6
Lair:2:   layout_cellular_growth, gammafunk_ghost_abyssal_escape, uniq_urug

Skill      XL: |  1  2  3  4  5  6  7  8  9 10 11 12 13 |
---------------+----------------------------------------+-----
Spellcasting   | 4 5 6 7 |  7.5
Fighting       | 1 2 4 5 8 10 11 12 | 12.2
Stealth        | 2 3 4 5 |  5.5
Short Blades   | 1 |  1.0
Dodging        | 3 4 5 6 8 9 10 | 10.4
Long Blades    | 2 4 6 7 |  7.0
Armour         | 1 2 3 4 5 |  5.3
Evocations     | 1 3 5 |  5.0
Shields        | 1 |  1.2
Maces & Flails | |  0.3
Staves         | |  0.7

Action                     |  1- 3 |  4- 6 |  7- 9 | 10-12 | 13-15 || total
---------------------------+-------+-------+-------+-------+-------++-------
  Melee: Whip              |    16 |       |       |       |       ||    16
         Dagger            |       |    25 |       |       |       ||    25
         Staff             |       |    13 |       |       |       ||    13
         Eudemon blade     |       |    15 |    75 |   430 |    86 ||   606
         Punch             |       |     1 |       |     4 |     5 ||    10
   Cast: Magic Dart        |    42 |    51 |    58 |    87 |     5 ||   243
         Searing Ray       |     4 |     9 |     5 |       |     1 ||    19
         Vhi's Electric Ch |       |       |     1 |       |       ||     1
         Ensorcelled Hiber |       |       |     1 |     2 |       ||     3
         Flame Wave        |       |       |       |     3 |     6 ||     9
 Invoke: Curse Item        |       |     2 |     1 |     1 |     2 ||     6
         Shatter the Chain |       |       |       |     1 |       ||     1
  Evoke: Wand              |       |       |       |    14 |       ||    14
    Use: Scroll            |       |     2 |     1 |     2 |     1 ||     6
         Potion            |       |       |     2 |     2 |       ||     4
   Stab: Sleeping          |       |       |     1 |     4 |     1 ||     6
         Distracted        |       |       |       |     1 |       ||     1
 Armour: Robe              |     3 |     8 |       |       |       ||    11
         Leather armour    |       |     5 |     6 |    82 |    15 ||   108
  Dodge: Dodged            |     8 |    44 |    84 |   376 |    85 ||   597
  Block: Other             |       |       |       |     8 |    19 ||    27
